 Dungeon Crawl Stone Soup version 0.27.0-66-gdc8fb28755 (webtiles) character file.

Game seed: 8496649256017210717

359 Spectrina the Covert (level 6, -1/36 HPs)
             Began as a Vampire Delver on Aug 20, 2021.
             Was an Initiate of Cheibriados.
             Slain by a bullfrog zombie (2 damage)
             ... in an ossuary.
             The game lasted 00:06:19 (720 turns).

Spectrina the Covert (Vampire Delver)                Turns: 720, Time: 00:06:20

Health: -1/36      AC:  3    Str: 12    XL:     6   Next: 37%
Magic:  8/8        EV: 12    Int: 13    God:    Cheibriados [......]
Gold:   19         SH:  0    Dex: 19    Spells: 5/5 levels left

rFire    . . .     SeeInvis +   a - +0 short sword
rCold    + + .     Faith    .   (no shield)
rNeg     + + +     Spirit   .   b - +0 leather armour
rPois    ∞         Reflect  .   (no helmet)
rElec    .         Harm     .   (no cloak)
rCorr    .         Rampage  .   (no gloves)
Will     .....                  (no boots)
Stlth    ++++++....             (no amulet)
HPRegen  0.00/turn              (no ring)
MPRegen  0.11/turn              (no ring)

@: bloodless, inhibited regen, very slow
A: bloodless, fangs 3, see invisible, vampiric 2
a: Bat Form, Revivify, Renounce Religion, Bend Time


You were in an ossuary.
You worshipped Cheibriados.
Cheibriados was noncommittal.
You visited 2 branches of the dungeon, and saw 3 of its levels.
You also visited: Ossuary.

You collected 19 gold pieces.

Inventory:

Hand Weapons
 a - a +0 short sword (weapon)
 i - a +0 dagger
Missiles
 j - 5 boomerangs (quivered)
Armour
 b - a +0 leather armour (worn)
Wands
 g - a wand of digging (3)
Scrolls
 c - a scroll of fog
 d - a scroll of magic mapping


   Skills:
 - Level 2.6 Fighting
 + Level 4.2 Short Blades
 - Level 2.1 Dodging
 + Level 10.0 Stealth
 + Level 2.8 Invocations


You had 5 spell levels left.
You didn't know any spells.
Your spell library contained the following spells:

 Spells                   Type           Power      Damage    Failure   Level
 Call Canine Familiar     Summ           0%         N/A       75%         3
 Portal Projectile        Hex/Tloc       0%         N/A       75%         3
 Leda's Liquefaction      Hex/Erth       0%         N/A       98%         4


Dungeon Overview and Level Annotations

Branches:
Dungeon (5/15)             Temple (1/1) D:5         Ossuary (1/1)

Altars:
Cheibriados
Dithmenos
Elyvilon
Fedhas
Kikubaaqudgha
Makhleb
Okawaru
Qazlal
Ru
Sif Muna
Trog
Xom
Zin
The Shining One


Innate Abilities, Weirdness & Mutations

You do not regenerate when monsters are visible.
You are frail without blood (-20% HP).
You can heal yourself when you bite living creatures.
You are immune to poison.
You have razor-sharp teeth.
You have supernaturally acute eyesight. (SInv)
You are afflicted with vampirism and can become a bat while bloodless.


Message History

You hit the mummy.
The mummy is heavily damaged.
The bullfrog zombie hits you. The mummy closely misses you.
You hit the mummy but do no damage.
The mummy is heavily damaged.
The bullfrog zombie barely misses you.
You hit the mummy but do no damage. You bite the mummy.
The mummy is severely damaged.
The bullfrog zombie barely misses you. The mummy misses you.
You hit the mummy. You bite the mummy.
You destroy the mummy!
The bullfrog zombie hits you but does no damage.
The bullfrog zombie completely misses you.
The centaur zombie closely misses you.
The centaur zombie kicks you but does no damage.
You hit the bullfrog zombie.
The bullfrog zombie is moderately damaged.
The bullfrog zombie hits you. The centaur zombie hits you.
The centaur zombie kicks you.
* * * LOW HITPOINT WARNING * * *
You hit the bullfrog zombie but do no damage.
The bullfrog zombie is moderately damaged.
The bullfrog zombie hits you.
* * * LOW HITPOINT WARNING * * *
The centaur zombie misses you.
The centaur zombie completely misses you.
You hit the bullfrog zombie.
The bullfrog zombie is heavily damaged.
The bullfrog zombie barely misses you.
The centaur zombie barely misses you. x2
You hit the bullfrog zombie.
The bullfrog zombie is heavily damaged.
The bullfrog zombie misses you. The centaur zombie hits you.
* * * LOW HITPOINT WARNING * * *
The centaur zombie barely misses you.
You hit the bullfrog zombie but do no damage.
The bullfrog zombie is heavily damaged.
The centaur zombie closely misses you. The centaur zombie kicks you.
* * * LOW HITPOINT WARNING * * *
The bullfrog zombie hits you.
You die...

##### #∩..#
#.∩.# #@Z.#
##Z##
..........≈..≈#
+#+#M#+#+#+####
#


You could see a bullfrog zombie and a centaur zombie.

Vanquished Creatures
  Sigmund (D:5)
  An ice beast (D:5)
  An iguana (D:5)
  An orc wizard (D:5)
  2 mummies
  An adder (D:5)
  A howler monkey skeleton (D:4)
  A white imp (D:5)
  2 goblins (D:4)
  A hobgoblin (D:4)
  2 jackals (D:4)
  A quokka (D:5)
15 creatures vanquished.

Vanquished Creatures (others)
  7 withered plants (Ossuary)
7 creatures vanquished.

Grand Total: 22 creatures vanquished

Notes
Turn   | Place    | Note
-------+----------+-------------------------------------------
     0 | D:5      | Spectrina the Vampire Delver began the quest for the Orb.
     0 | D:5      | Reached XP level 1. HP: 17/17 MP: 1/1
    46 | D:5      | Noticed an ogre
    46 | D:5      | Noticed a jelly
   144 | D:4      | Reached skill level 8 in Stealth
   144 | D:4      | Reached XP level 2. HP: 13/18 MP: 2/2
   220 | D:5      | Found a staircase to the Ecumenical Temple.
   232 | Temple   | Entered the Ecumenical Temple
   325 | Temple   | Became a worshipper of Cheibriados the Contemplative
   396 | D:5      | Gained mutation: You are afflicted with vampirism and can
                  | become a bat while bloodless. [Vampire growth]
   396 | D:5      | Reached XP level 3. HP: 22/22 MP: 3/3
   540 | D:5      | Noticed Sigmund
   543 | D:5      | Noticed an ice beast
   546 | D:5      | Reached skill level 9 in Stealth
   546 | D:5      | Reached skill level 1 in Invocations
   546 | D:5      | Reached XP level 4. HP: 15/27 MP: 4/4
   557 | D:5      | Killed Sigmund
   558 | D:5      | Reached XP level 5. HP: 17/31 MP: 4/6
   572 | D:5      | Killed an ice beast
   573 | D:5      | Reached skill level 10 in Stealth
   573 | D:5      | Reached XP level 6. HP: 16/36 MP: 5/8
   611 | D:5      | Found a sand-covered staircase.
   618 | Ossuary  | Entered an ossuary
   720 | Ossuary  | HP: 1/36 [centaur zombie (1)]
   720 | Ossuary  | Slain by a bullfrog zombie

Illustrated notes

Levels and vault maps discovered:
D:4:      layout_rooms, uniq_edmund
D:5:      minmay_diamond_boxcup, layout_loops_corners,
          minmay_temple_entry_glassed_door, gup_ossuary_entry_pyramid,
          kennysheep_crisscross, ebering_dispersal_statue_hall,
          kennysheep_generic_room_13, uniq_sigmund
Temple:   eino_temple_water
Ossuary:  ossuary_zaba_flooded

Skill      XL: |  1  2  3  4  5 |
---------------+----------------+-----
Stealth        | 8 9 10 | 10.0
Invocations    | 1 2 |  2.8
Short Blades   | 3 4 |  4.2
Fighting       | |  2.6
Dodging        | |  2.1

Action                   |  1- 3 |  4- 6 || total
-------------------------+-------+-------++-------
Melee: Short sword       |    26 |    42 ||    68
       Bite              |     2 |     9 ||    11
 Abil: Exsanguinate      |     1 |       ||     1
  Use: Scroll            |     2 |       ||     2
       Potion            |     1 |       ||     1
 Stab: Sleeping          |     5 |     1 ||     6
       Invisible         |     2 |     3 ||     5
Armor: Leather armour    |     3 |     6 ||     9
Dodge: Dodged            |    16 |    37 ||    53
